Map: Frost LE

Players

Semper - Winner!

  • Race: Terran Terran
  • League: Master

Miszu

  • Race: Terran Terran
  • League: Master

VOD

Have the link to the VOD?

Description

Time

  • Played on: June 27, 2016, 10:20 a.m.
  • Length: 8:10
Show
View Real Time Build Order
Export as new Build Order

Semper Terran - Winner!

Build Orders: Reaper Expand 

Get SALT Encoding   

  12  0:01  SCV  
  13  0:13  SCV  
  14  0:17  Supply Depot  
  14  0:25  SCV  
  15  0:38  SCV  
  15  0:39  Barracks  
  16  0:46  Refinery  
  16  0:51  SCV  
  17  1:03  SCV  
  18  1:15  SCV  
  19  1:27  Orbital Command  
  19  1:28  Reaper  
  20  1:43  Command Center  
  20  1:52  Supply Depot  
  20  1:55  SCV  
  20  2:01  Reaper  
  22  2:07  SCV  
  23  2:19  SCV  
  24  2:30  Factory  
  24  2:31  SCV  
  24  2:33  Bunker  
  24  2:34  Marine  
  26  2:43  SCV  
  27  2:50  Refinery  
  27  2:52  Marine  
  27  2:56  SCV  
  27  2:57  Orbital Command  
  28  3:08  SCV  
  28  3:12  Marine  
  30  3:13  Hellion  
  30  3:14  Starport  
  32  3:20  SCV  
  33  3:29  SCV  
  33  3:32  SCV  
  33  3:33  Supply Depot  
  35  3:35  Hellion  
  35  3:36  Marine  
  38  3:41  SCV  
  38  3:45  SCV  
  40  3:51  Viking  
  40  3:53  SCV  
  43  3:56  Engineering Bay  
  43  3:57  SCV  
  43  3:58  Factory Tech Lab  
  43  4:01  Barracks Reactor  
  44  4:05  SCV  
  44  4:09  SCV  
  46  4:17  SCV  
  46  4:18  Cyclone  
  46  4:21  SCV  
  52  4:24  Missile Turret  
  52  4:25  Supply Depot, Missile Turret  
  52  4:26  Viking  
  52  4:29  Missile Turret  
  54  4:35  SCV  
  54  4:46  SCV  
  54  4:47  SCV  
  54  4:51  Supply Depot  
  56  4:59  SCV x2  
  58  5:01  Command Center  
  58  5:08  Siege Tank  
  58  5:11  SCV  
  58  5:13  SCV  
  63  5:15  Marine x2  
  65  5:23  SCV  
  65  5:28  Barracks  
  64  5:29  SCV  
  64  5:30  Refinery, Barracks  
  64  5:32  Refinery, Terran Infantry Weapons Level 1  
  65  5:38  SCV  
  65  5:41  Supply Depot  
  66  5:43  Supply Depot, Barracks Tech Lab, SCV  
  66  5:46  Siege Tank  
  70  6:02  Medivac x2  
  70  6:03  SCV  
  70  6:04  SCV  
  76  6:13  Marine  
  76  6:14  Orbital Command  
  76  6:18  Barracks Reactor x2  
  76  6:19  Barracks x2  
  76  6:20  SCV  
  76  6:24  SCV  
  78  6:28  Siege Tank  
  78  6:32  SCV  
  82  6:35  Viking  
  82  6:39  Marine  
  84  6:45  Viking  
  87  6:49  SCV  
  87  6:51  Orbital Command  
  87  6:52  Supply Depot, SCV  
  89  6:54  Supply Depot  
  89  6:56  Marine x2  
  91  7:02  SCV  
  91  7:07  Barracks Reactor x2, Marine  
  91  7:08  Siege Tank  
  96  7:09  Marine  
  96  7:12  SCV  
  98  7:16  SCV  
  99  7:23  Medivac x2  
  99  7:24  SCV  
  99  7:25  Marine x3  
  99  7:27  SCV  
  106  7:33  Marine, SCV  
  106  7:37  Marine  
  106  7:43  Marine x3  
  110  7:48  Marine x3  
  104  7:52  Marine x2  
Show
View Real Time Build Order
Export as new Build Order

Miszu Terran 

Build Orders: 1/1/1, MMM Bio, Banshee Rush 

Get SALT Encoding   

  12  0:00  SCV  
  13  0:12  SCV  
  14  0:17  Supply Depot  
  14  0:24  SCV  
  14  0:28  Refinery  
  15  0:38  SCV  
  16  0:45  Barracks  
  16  0:50  SCV  
  17  1:00  Refinery  
  17  1:02  SCV  
  18  1:15  SCV  
  19  1:27  SCV  
  20  1:33  Factory  
  20  1:36  Reaper  
  21  1:41  Orbital Command  
  21  1:51  Supply Depot  
  21  2:06  SCV  
  21  2:08  Reaper  
  23  2:18  Starport  
  23  2:19  Hellion  
  23  2:22  SCV  
  26  2:29  Supply Depot  
  26  2:40  Hellion, Reaper  
  29  2:47  SCV  
  30  2:55  Medivac  
  32  3:00  Supply Depot  
  32  3:02  Hellion  
  34  3:13  Barracks Tech Lab  
  34  3:25  Command Center  
  34  3:37  Cloaking Field  
  34  3:38  Banshee  
  34  3:40  Barracks Reactor, Factory Tech Lab  
  37  3:46  SCV  
  38  4:02  Barracks  
  38  4:03  Barracks  
  37  4:14  SCV  
  37  4:20  Siege Tank  
  37  4:21  Banshee  
  43  4:26  SCV  
  44  4:39  SCV  
  44  4:40  Orbital Command  
  45  4:50  Barracks Tech Lab x2  
  45  4:55  SCV  
  46  5:03  Engineering Bay  
  37  5:07  SCV  
  37  5:12  Marine x3  
  37  5:13  Starport Reactor, Stimpack  
  38  5:14  Combat Shields  
  38  5:16  SCV  
  39  5:25  Marine  
  39  5:27  SCV  
  41  5:28  SCV  
  41  5:30  Marine, Terran Infantry Weapons Level 1  
  41  5:34  Refinery  
  43  5:37  Refinery  
  43  5:39  SCV  
  43  5:40  SCV  
  45  5:45  Siege Tank  
  45  5:48  Marine  
  49  5:50  Marine  
  49  5:51  SCV  
  49  5:53  SCV  
  49  5:56  Supply Depot  
  52  6:00  Marine x2  
  54  6:06  Marine, SCV  
  54  6:08  Marine  
  57  6:13  Medivac x2  
  57  6:15  SCV  
  59  6:18  Marine x2  
  59  6:21  Supply Depot  
  59  6:23  Marine  
  59  6:24  SCV  
  63  6:26  Siege Tank  
  63  6:28  SCV  
  67  6:37  SCV  
  68  6:40  SCV  
  68  6:43  Medivac  
  71  6:49  SCV  
  71  6:54  Marine x4  
  72  7:00  Command Center  
  76  7:11  Medivac  
  78  7:18  Marine x3  
  78  7:20  Marine  
  77  7:37  Supply Depot  
  77  7:38  Supply Depot  
Tags
 
Composition
MMM Bio
Matchup
TvT
Race
Terran
Strategy
Banshee Rush
Add a new tag
Caveats
  • Supply blocks, unpowered buildings, or Contaminate may cause inaccurate times.
  • Supply counts are checked every 10 seconds.